 Dungeon Crawl Stone Soup version 0.27.1-1-g398f81649c (webtiles) character file.

Game seed: 5183439682800556136

296 boopmooplesden the Covered (level 6, -7/53 HPs)
             Began as a Minotaur Fighter on Sept 18, 2021.
             Was an Initiate of Okawaru.
             Mangled by an ogre (28 damage)
             ... on level 4 of the Dungeon.
             The game lasted 00:04:07 (2254 turns).

boopmooplesden the Covered (Minotaur Fighter)       Turns: 2254, Time: 00:04:08

Health: -7/53      AC:  7    Str: 22    XL:     6   Next: 12%
Magic:  5/5        EV:  8    Int:  5    God:    Okawaru [......]
Gold:   71         SH: 10    Dex: 10    Spells: 5/5 levels left

rFire    . . .     SeeInvis .   a - +0 war axe (spect)
rCold    . . .     Faith    .   c - +0 kite shield
rNeg     . . .     Spirit   .   b - +0 scale mail
rPois    .         Reflect  .   (helmet restricted)
rElec    .         Harm     .   (no cloak)
rCorr    .         Rampage  .   (no gloves)
Will     .....                  (no boots)
Stlth    ..........             (no amulet)
HPRegen  0.17/turn              (no ring)
MPRegen  0.09/turn              (no ring)

@: no status effects
A: horns 2, retaliatory headbutt
a: Renounce Religion


You were on level 4 of the Dungeon.
You worshipped Okawaru.
Okawaru was noncommittal.
You visited 1 branch of the dungeon, and saw 4 of its levels.

You collected 71 gold pieces.

Inventory:

Hand Weapons
 a - a +0 spectral war axe (weapon)
Missiles
 f - 2 silver javelins
 j - 4 javelins (quivered)
Armour
 b - a +0 scale mail (worn)
 c - a +0 kite shield (worn)
Scrolls
 h - a scroll of torment {unknown}
 i - 2 scrolls of brand weapon
 k - a scroll of identify
 l - a scroll of teleportation {unknown}
Potions
 d - a potion of might
 e - a potion of flight {unknown}
 g - 2 potions of curing


   Skills:
 + Level 4.5 Fighting
 + Level 4.9 Axes
 + Level 0.5 Throwing
 + Level 5.1 Armour
 + Level 0.9 Dodging
 + Level 0.6 Stealth
 + Level 4.8 Shields


You had 5 spell levels left.
You didn't know any spells.
Your spell library was empty.

Dungeon Overview and Level Annotations

Branches:
Dungeon (4/15)
 Temple: D:4-7

Altars:
Okawaru
Qazlal

Shops:
D:4 :

Annotations:
D:3 Grinder


Innate Abilities, Weirdness & Mutations

You have a pair of horns on your head.
You reflexively headbutt those who attack you in melee.


Message History

You closely miss the hobgoblin. You hit the scorpion.
You block the scorpion's attack. The scorpion barely misses you.
The hobgoblin barely misses you.
You barely miss the hobgoblin. You headbutt the hobgoblin.
You kill the hobgoblin!
Okawaru accepts your kill.
You barely miss the scorpion.
Your +0 spectral war axe hits the scorpion!
You kill the scorpion!
Okawaru accepts your kill.
You have reached level 6!
Your experience leads to an increase in your attributes!
Increase (S)trength, (I)ntelligence, or (D)exterity?
You feel stronger.
You swap places.
You open the door.
Found Nown's Book Boutique.
There is an open door here.
There is an entrance to Nown's Book Boutique here.
There is an open door here.
Things that are here:
a +0 giant spiked club; an ogre skeleton
Things that are here:
a +0 spear; a gnoll skeleton
Things that are here:
a +0 flail; a gnoll skeleton A goblin is nearby!
Found a scroll labelled SAGEMI ASOPPU.
l - a scroll labelled SAGEMI ASOPPU You open the door.
An ogre comes into view. It is wielding a +0 giant club.
The ogre shouts!
The ogre hits you with a +0 giant club!!
Ouch! That really hurt!
There is an open door, spattered with blood here.
You barely miss the ogre.
Your +0 spectral war axe hits the ogre!!
The ogre hits you with a +0 giant club!!
Ouch! That really hurt!
You die...

#.8.≈≈≈......
#8_8.........
#.8.≈≈≈...... ####
#...≈)≈.....#
#...###########.....#
#...#...............#
+...+................
#...#.##........###.#
#..O@.#.....#...###.#
#..(#..........###)))
#...#.#...#....# #...
#...#.#.........##...
#...#.#.##.#....##...
#.....#.##.####.##...
#######....# #.##...
###### #..#...
#......


You could see an ogre and a friendly +0 spectral war axe (summoned).

Vanquished Creatures
  An ogre (D:4)
  A scorpion (D:4)
  A jelly (D:4)
  3 gnolls (D:4)
  4 adders (D:2)
  A worm (D:2)
  2 adder skeletons (D:2)
  A dart slug (D:1)
  7 endoplasms
  5 giant cockroaches
  3 goblins
  4 hobgoblins
  2 kobolds
  A quokka (D:1)
  4 ball pythons
  3 bats
  A frilled lizard (D:1)
  5 rats
49 creatures vanquished.

Notes
Turn   | Place    | Note
-------+----------+-------------------------------------------
     0 | D:1      | boopmooplesden the Minotaur Fighter began the quest for the
                  | Orb.
     0 | D:1      | Reached XP level 1. HP: 19/19 MP: 0/0
   232 | D:1      | Reached XP level 2. HP: 27/27 MP: 1/1
   390 | D:1      | Found a faded altar of an unknown god.
   787 | D:2      | Reached skill level 4 in Armour
   808 | D:2      | Reached XP level 3. HP: 20/33 MP: 2/2
  1267 | D:2      | Reached XP level 4. HP: 40/40 MP: 3/3
  1284 | D:2      | Found a stormy altar of Qazlal.
  1545 | D:3      | Noticed Grinder
  1884 | D:4      | Reached XP level 5. HP: 44/46 MP: 4/4
  1908 | D:4      | Noticed an ogre
  1914 | D:4      | Killed an ogre
  1928 | D:4      | Found an iron altar of Okawaru.
  1935 | D:4      | Reached skill level 5 in Armour
  1941 | D:4      | Became a worshipper of Warmaster Okawaru
  2206 | D:4      | Reached XP level 6. HP: 53/53 MP: 5/5
  2209 | D:4      | Found Nown's Book Boutique.
  2254 | D:4      | Mangled by an ogre

Illustrated notes

Levels and vault maps discovered:
D:1:      lightli_arrival_statuegarden, layout_loops_ring,
          ebering_ecumenical_altar_hall, minmay_pentomino_q2
D:2:      layout_loops_ring, basic_altar, kennysheep_doodads
D:3:      layout_basic, mainiacjoe_overflow_tiny_flanked,
          amcnicky_mini_corridor_feature, uniq_sigmund, uniq_robin, uniq_grinder
D:4:      layout_basic, kennysheep_okawaru_gauntlet, nicolae_gozag_seed_capital,
          serial_shops, kennysheep_mini_moat

Skill      XL: |  1  2  3  4  5 |
---------------+----------------+-----
Shields        | 4 |  4.8
Armour         | 4 5 |  5.1
Fighting       | 4 |  4.5
Axes           | 3 4 |  4.9
Throwing       | |  0.5
Dodging        | |  0.9
Stealth        | |  0.6

Action                   |  1- 3 |  4- 6 || total
-------------------------+-------+-------++-------
Melee: War axe           |    62 |    20 ||    82
       Headbutt          |    12 |     5 ||    17
Throw: Javelin           |       |     8 ||     8
  Use: Scroll            |       |     4 ||     4
Armor: Scale mail        |    41 |     8 ||    49
Dodge: Dodged            |    18 |     7 ||    25
Block: Kite shield       |    30 |    14 ||    44
